Workbook
Name f_ing: OFFSET(p_ing,0,0,COUNTA(l_ing),1)
Name ingredients: ingredients!$A$7:$A$13
Name l_ing: ingredients!$A:$A
Name p_ing: ingredients!$A$7
Name produit: #REF!

Sheet Base R.Backery
A1: Type
A4: =SUM(K28*K27)/C26 -> #DIV/0! | L4: Baking : | M4: 0
L5: Time (min) | M5: 0
A6: Page 00 | L6: Ventilation : | M6: 0
L7: Humidity | M7: 0
A8: Recipe | F8: Products | I8: Coeff RCT | J8: =SUM(B26/K27) -> #DIV/0! | L8: Oura | M8: Open
A9: Recipe TOTAL | B9: Base | C9: 1 Pc. | D9: Food Cost | E9: Prix / Kilo | F9: Piece | G9: Raw Materials | H9: Colonne1 | I9: Process
A10: =SUM(A4*C10) -> #DIV/0! | B10: 0 | C10: =SUM(B10/J8) -> #DIV/0! | D10: =IFERROR(E10/1000*A10,0) -> 0 | E10: =VLOOKUP(G10,ingredients!A7:C491,2,0) -> #N/A
A11: =SUM(A4*C11) -> #DIV/0! | B11: 0 | C11: =SUM(B11/J8) -> #DIV/0! | D11: =IFERROR(E11/1000*A11,0) -> 0 | E11: =VLOOKUP(G11,ingredients!A7:C491,2,0) -> #N/A
A12: =SUM(A4*C12) -> #DIV/0! | B12: 0 | C12: =SUM(B12/J8) -> #DIV/0! | D12: =IFERROR(E12/1000*A12,0) -> 0 | E12: =VLOOKUP(G12,ingredients!A7:C491,2,0) -> #N/A
A13: =SUM(A4*C13) -> #DIV/0! | B13: 0 | C13: =SUM(B13/J8) -> #DIV/0! | D13: =IFERROR(E13/1000*A13,0) -> 0 | E13: =VLOOKUP(G13,ingredients!A7:C491,2,0) -> #N/A
A14: =SUM(A4*C14) -> #DIV/0! | B14: 0 | C14: =SUM(B14/J8) -> #DIV/0! | D14: =IFERROR(E14/1000*A14,0) -> 0 | E14: =VLOOKUP(G14,ingredients!A7:C491,2,0) -> #N/A
A15: =SUM(A4*C15) -> #DIV/0! | B15: 0 | C15: =SUM(B15/J8) -> #DIV/0! | D15: =IFERROR(E15/1000*A15,0) -> 0 | E15: =VLOOKUP(G15,ingredients!A7:C491,2,0) -> #N/A
A16: =SUM(A4*C16) -> #DIV/0! | B16: 0 | C16: =SUM(B16/J8) -> #DIV/0! | D16: =IFERROR(E16/1000*A16,0) -> 0 | E16: =VLOOKUP(G16,ingredients!A7:C491,2,0) -> #N/A
A17: =SUM(A4*C17) -> #DIV/0! | B17: 0 | C17: =SUM(B17/J8) -> #DIV/0! | D17: =IFERROR(E17/1000*A17,0) -> 0 | E17: =VLOOKUP(G17,ingredients!A7:C491,2,0) -> #N/A
A18: =SUM(A4*C18) -> #DIV/0! | B18: 0 | C18: =SUM(B18/J8) -> #DIV/0! | D18: =IFERROR(E18/1000*A18,0) -> 0 | E18: =VLOOKUP(G18,ingredients!A7:C491,2,0) -> #N/A
A19: =SUM(A4*C19) -> #DIV/0! | B19: 0 | C19: =SUM(B19/J8) -> #DIV/0! | D19: =IFERROR(E19/1000*A19,0) -> 0 | E19: =VLOOKUP(G19,ingredients!A7:C491,2,0) -> #N/A
A20: =SUM(A4*C20) -> #DIV/0! | B20: 0 | C20: =SUM(B20/J8) -> #DIV/0! | D20: =IFERROR(E20/1000*A20,0) -> 0 | E20: =VLOOKUP(G20,ingredients!A7:C491,2,0) -> #N/A
A21: =SUM(A4*C21) -> #DIV/0! | B21: 0 | C21: =SUM(B21/J8) -> #DIV/0! | D21: =IFERROR(E21/1000*A21,0) -> 0 | E21: =VLOOKUP(G21,ingredients!A7:C491,2,0) -> #N/A
A22: =SUM(A4*C22) -> #DIV/0! | B22: 0 | C22: =SUM(B22/J8) -> #DIV/0! | D22: =IFERROR(E22/1000*A22,0) -> 0 | E22: =VLOOKUP(G22,ingredients!A7:C491,2,0) -> #N/A
A23: =SUM(A4*C23) -> #DIV/0! | B23: 0 | C23: =SUM(B23/J8) -> #DIV/0! | D23: =IFERROR(E23/1000*A23,0) -> 0 | E23: =VLOOKUP(G23,ingredients!A7:C491,2,0) -> #N/A
A24: =SUM(A4*C24) -> #DIV/0! | D24: =IFERROR(E24/1000*A24,0) -> 0 | E24: =VLOOKUP(G24,ingredients!A7:C491,2,0) -> #N/A
A25: =SUM(A4*C25) -> #DIV/0! | B25: 0 | C25: =SUM(B25/J8) -> #DIV/0! | D25: =IFERROR(E25/1000*A25,0) -> 0 | E25: =VLOOKUP(G25,ingredients!A7:C491,2,0) -> #N/A
B26: =SUM(B10:B25) -> 0 | C26: =SUM(C10:C25) -> #DIV/0! | D26: =SUM(D10:D25) -> 0 | G26: Recipe Weight
A27: =SUM(A10:A25) -> #DIV/0! | C27: Recipe Weight X | I27: Weight for 1 Pce | K27: 0
A28: 0 | B28: waste | I28: number you need | K28: 0
A29: 0 | B29: waste after cooking | I29: Nbr of pce for 1X recipe | K29: =INT((B26/K27)) -> #DIV/0!
A30: Weight after cooking | D30: =SUM(K27)-(K27*A29) -> 0
A31: weight after 10% waste | D31: =SUM(A10:A25)-(SUM(A10:A25)*A28) -> #DIV/0!

Sheet Base R-Pati
A1: Type
G2: Name Recipe | M2: Degree : | N2: 0
M3: Time (min) | N3: 0
A4: Page 00 | M4: Ventilation : | N4: 0
A5: =SUM(H28*I28+J28*K28+L28*M28)/C24 -> #DIV/0! | M5: Humidity | N5: 0
A6: Recipe | F6: Products | H6: Coeff RCT | I6: =SUM(B24/I28) -> #DIV/0! | M6: Oura | N6: Open
A7: Recipe TOTAL | B7: Base | C7: 1 Pc. | D7: Food Cost | E7: Prix / Kilo | F7: Piece | G7: Ingredients | H7: Process
A8: =SUM(A5*C8) -> #DIV/0! | B8: 0 | C8: =SUM(B8/I6) -> #DIV/0! | D8: =IFERROR(E8/1000*A8,0) -> 0 | E8: =VLOOKUP(G8,ingredients!A7:C491,3,0) -> #N/A
A9: =SUM(A5*C9) -> #DIV/0! | B9: 0 | C9: =SUM(B9/I6) -> #DIV/0! | D9: =IFERROR(E9/1000*A9,0) -> 0 | E9: =VLOOKUP(G9,ingredients!A7:C491,3,0) -> #N/A
A10: =SUM(A5*C10) -> #DIV/0! | B10: 0 | C10: =SUM(B10/I6) -> #DIV/0! | D10: =IFERROR(E10/1000*A10,0) -> 0 | E10: =VLOOKUP(G10,ingredients!A7:C491,3,0) -> #N/A
A11: =SUM(A5*C11) -> #DIV/0! | B11: 0 | C11: =SUM(B11/I6) -> #DIV/0! | D11: =IFERROR(E11/1000*A11,0) -> 0 | E11: =VLOOKUP(G11,ingredients!A7:C491,3,0) -> #N/A
A12: =SUM(A5*C12) -> #DIV/0! | B12: 0 | C12: =SUM(B12/I6) -> #DIV/0! | D12: =IFERROR(E12/1000*A12,0) -> 0 | E12: =VLOOKUP(G12,ingredients!A7:C491,3,0) -> #N/A
A13: =SUM(A5*C13) -> #DIV/0! | B13: 0 | C13: =SUM(B13/I6) -> #DIV/0! | D13: =IFERROR(E13/1000*A13,0) -> 0 | E13: =VLOOKUP(G13,ingredients!A7:C491,3,0) -> #N/A
A14: =SUM(A5*C14) -> #DIV/0! | B14: 0 | C14: =SUM(B14/I6) -> #DIV/0! | D14: =IFERROR(E14/1000*A14,0) -> 0 | E14: =VLOOKUP(G14,ingredients!A7:C491,3,0) -> #N/A
A15: =SUM(A5*C15) -> #DIV/0! | B15: 0 | C15: =SUM(B15/I6) -> #DIV/0! | D15: =IFERROR(E15/1000*A15,0) -> 0 | E15: =VLOOKUP(G15,ingredients!A7:C491,3,0) -> #N/A
A16: =SUM(A5*C16) -> #DIV/0! | B16: 0 | C16: =SUM(B16/I6) -> #DIV/0! | D16: =IFERROR(E16/1000*A16,0) -> 0 | E16: =VLOOKUP(G16,ingredients!A7:C491,3,0) -> #N/A
A17: =SUM(A5*C17) -> #DIV/0! | B17: 0 | C17: =SUM(B17/I6) -> #DIV/0! | D17: =IFERROR(E17/1000*A17,0) -> 0 | E17: =VLOOKUP(G17,ingredients!A7:C491,3,0) -> #N/A
A18: =SUM(A5*C18) -> #DIV/0! | B18: 0 | C18: =SUM(B18/I6) -> #DIV/0! | D18: =IFERROR(E18/1000*A18,0) -> 0 | E18: =VLOOKUP(G18,ingredients!A7:C491,3,0) -> #N/A
A19: =SUM(A5*C19) -> #DIV/0! | B19: 0 | C19: =SUM(B19/I6) -> #DIV/0! | D19: =IFERROR(E19/1000*A19,0) -> 0 | E19: =VLOOKUP(G19,ingredients!A7:C491,3,0) -> #N/A
A20: =SUM(A5*C20) -> #DIV/0! | B20: 0 | C20: =SUM(B20/I6) -> #DIV/0! | D20: =IFERROR(E20/1000*A20,0) -> 0 | E20: =VLOOKUP(G20,ingredients!A7:C491,3,0) -> #N/A
A21: =SUM(A5*C21) -> #DIV/0! | B21: 0 | C21: =SUM(B21/I6) -> #DIV/0! | D21: =IFERROR(E21/1000*A21,0) -> 0 | E21: =VLOOKUP(G21,ingredients!A7:C491,3,0) -> #N/A
A22: =SUM(A5*C22) -> #DIV/0! | D22: =IFERROR(E22/1000*A22,0) -> 0 | E22: =VLOOKUP(G22,ingredients!A7:C491,3,0) -> #N/A
A23: =SUM(A5*C23) -> #DIV/0! | B23: 0 | C23: =SUM(B23/I6) -> #DIV/0! | D23: =IFERROR(E23/1000*A23,0) -> 0 | E23: =VLOOKUP(G23,ingredients!A7:C491,3,0) -> #N/A
B24: =SUM(B8:B23) -> 0 | C24: =SUM(C8:C23) -> #DIV/0! | D24: =SUM(D8:D23) -> 0 | G24: Recipe Weight
A25: =SUM(A8:A23) -> #DIV/0! | C25: Recipe Weight X
A27: Nbr.pce 1X R | F27: =INT((B24/I28)) -> #DIV/0! | H27: Nbr.Pce 1 | I27: Gr/Pce | J27: Nbr.Pce2 | K27: Gr/Pce | L27: Nbr.Pce3 | M27: Gr/Pce
H28: 0 | I28: 0 | J28: 2 | K28: 120 | L28: 3 | M28: 10
H29: Total Gr | I29: =SUM((I28*H28)+(K28*J28)+(M28+L28)) -> 253

Sheet ingredients
A1: Price List
A6: ingredients | B6: Frish/eco/TK | C6: prix Kg/Stk | D6: Fournisseur
A7: Ananas Frisch | B7: FR | C7: 3.7 | D7: Etter+Berno AG
A8: Ananas wuerfel 20x20 | B8: FR | C8: 15.8 | D8: Etter+Berno AG
A9: Ananas wuerfel 5X5 | B9: FR | C9: 15.8 | D9: Etter+Berno AG
A10: Apfel Gala | B10: FR | C10: 2.3 | D10: Etter+Berno AG
A11: Apfel Granny smith | B11: FR | C11: 2.8 | D11: Etter+Berno AG
A12: Apfel Wuerfel 2X2 | B12: TK | C12: 3.7 | D12: Transgourmet
A13: Apfel wuerfel 5X5 | B13: FR | C13: 8 | D13: Etter+Berno AG
A14: Backpulver | B14: Eco | C14: 5.04 | D14: Pistor AG
A15: Blatterteig leisi | B15: FR | C15: 7 | D15: Pistor AG
A16: Choc.deco pensil van goh 120X | B16: Eco | C16: 0.192 | D16: Pistor AG
A17: Choco tartelette mini 270X | B17: Eco | C17: 0.227 | D17: Pistor AG
A18: Crispearls Dunkek Callebaut | B18: Eco | C18: 9.049 | D18: Pistor AG
... A132: praline kapseln braun | B132: Eco | C132: 0.006 | D132: Pistor AG

Sheet DashBoard
A1: Dash Board Prod: Date XXX
A7: Name Recipe | B7: Nbr.Pce 1 | C7: Gr/Pce | D7: Nbr.Pce2 | E7: Gr/Pce2 | F7: Nbr.Pc3 | G7: Gr/Pce3 | H7: ToTal Gr | I7: Prix | J7: acrivate
A8: Brownie | H8: =SUM(G8+E8+C8) -> 0 | M8: Description
A9: Schokomousse | H9: =SUM(G9+E9+C9) -> 0
A10: Tiramisu Kaffee | H10: =SUM(G10+E10+C10) -> 0 | M10: bouton colonne J8 quand coché, il fait apparaitre automatiquement la recett de A8 dans ce classeur "DDB"
A11: Weisses mokkamousse | H11: =SUM(G11+E11+C11) -> 0
H12: =SUM(G12+E12+C12) -> 0
H13: =SUM(G13+E13+C13) -> 0
H14: =SUM(G14+E14+C14) -> 0 | M14: A8 = nom des recettes
H15: =SUM(G15+E15+C15) -> 0 | M15: les recettes sont dans un autre classeur du nom "recette"
H16: =SUM(G16+E16+C16) -> 0
H17: =SUM(G17+E17+C17) -> 0
H18: =SUM(G18+E18+C18) -> 0
H19: =SUM(G19+E19+C19) -> 0
H20: =SUM(G20+E20+C20) -> 0
H21: =SUM(G21+E21+C21) -> 0
H22: =SUM(G22+E22+C22) -> 0
H23: =SUM(G23+E23+C23) -> 0
H24: =SUM(G24+E24+C24) -> 0
H25: =SUM(G25+E25+C25) -> 0
H26: =SUM(G26+E26+C26) -> 0
H27: =SUM(G27+E27+C27) -> 0
... H150: =SUM(G150+E150+C150) -> 0
